 Dungeon Crawl Stone Soup version 0.29.1-1-gd02db6906a (webtiles) character file.

Game seed: 667420192067753557

203 fireball365 the Chopper (level 5, -4/46 HPs)
             Began as a Minotaur Fighter on Oct 10, 2022.
             Was a Believer of Wu Jian.
             Slain by an orc priest
             ... wielding a +0 whip
              (6 damage)
             ... on level 3 of the Dungeon.
             The game lasted 00:11:55 (3062 turns).

fireball365 the Chopper (Minotaur Fighter)          Turns: 3062, Time: 00:11:55

Health: -4/46      AC: 15    Str: 20    XL:     5   Next: 51%
Magic:  4/4        EV:  5    Int:  5    God:    Wu Jian [**....]
Gold:   183        SH:  5    Dex: 12    Spells: 4/4 levels left

rFire   + . .      SeeInvis .   a - +0 war axe
rCold   + . .      Faith    .   c - +0 buckler
rNeg    . . .      Spirit   .   s - +0 plate armour
rPois   +          Reflect  .   (helmet restricted)
rElec   +          Harm     .   k - +1 cloak
rCorr   +          Rampage  .   (no gloves)
Will    .....                   l - +0 pair of boots
Stlth   ..........              (no amulet)
HPRegen 0.15/turn               (no ring)
MPRegen 0.09/turn               (no ring)

@: resistant
A: horns 2, retaliatory headbutt
a: Renounce Religion, Wall Jump


You were on level 3 of the Dungeon.
You worshipped Wu Jian.
Wu Jian was pleased with you.
You visited 1 branch of the dungeon, and saw 3 of its levels.

You collected 183 gold pieces.

Inventory:

Hand Weapons
 a - a +0 war axe (weapon)
Missiles
 t - 8 stones (quivered)
Armour
 c - a +0 buckler (worn)
 k - a +1 cloak (worn)
 l - a +0 pair of boots (worn)
 s - a +0 plate armour (worn)
Scrolls
 e - a scroll of vulnerability
 f - 6 scrolls of identify
 i - a scroll of teleportation {unknown}
 j - a scroll of enchant weapon {unknown}
 p - a scroll of blinking {unknown}
Potions
 d - a potion of might
 h - a potion of degeneration {unknown}
 r - a potion of curing {unknown}
 u - a potion of brilliance {unknown}


   Skills:
 - Level 4.1 Fighting
 * Level 5.8 Axes
 + Level 4.5 Armour
 + Level 0.5 Dodging
 + Level 0.1 Stealth
 + Level 4.0 Shields


You had 4 spell levels left.
You didn't know any spells.
Your spell library was empty.

Dungeon Overview and Level Annotations

Branches:
Dungeon (3/15)

Altars:
Sif Muna
Wu Jian


Innate Abilities, Weirdness & Mutations

You have a pair of horns on your head.
You reflexively headbutt those who attack you in melee.


Message History

Your Axes skill increases to level 5!
Your Shields skill increases to level 4!
You have reached level 5!
You lunge at the orc.
You hit the orc but do no damage. The orc closely misses you.
There is a stone staircase leading up, spattered with blood here.
You see here a +0 mace.
You hit the orc.
The orc is heavily wounded.
You block the orc's attack.
You slash the orc!
You kill the orc!
The Council accepts your kill.
You barely miss the orc.
The orc priest mumbles some strange prayers to Beogh against you.
Beogh smites you!
* * * LOW HITPOINT WARNING * * *
The orc hits you with a +0 club.
* * * LOW HITPOINT WARNING * * *
You hit the orc.
The orc is severely wounded.
The orc priest calls down the wrath of Beogh upon you.
Beogh smites you!
* * * LOW HITPOINT WARNING * * *
The orc hits you but does no damage. x2
The orc priest casts a cantrip, but nothing happens.
You feel protected.
A rat comes into view.
The orc completely misses you. You furiously retaliate!
You headbutt the orc!
You kill the orc!
The Council accepts your kill.
You lunge at the orc.
You closely miss the orc. You headbutt the orc.
You kill the orc!
The Council accepts your kill.
Things that are here:
a +0 club; a +0 trident You hit the orc priest.
The orc priest is moderately wounded.
The orc priest hits you with a +0 whip.
You die...

##..... ##......
##....... ###........
........... #.......
###.......
.##############.........
...r..o@<$......##......
###################.....
######


You could see an orc priest and a rat.

Vanquished Creatures
  An ice beast (D:3)
  3 adders
  A worm (D:2)
  A dart slug (D:1)
  5 orcs (D:3)
  4 bats
  3 endoplasms
  5 giant cockroaches
  6 goblins
  7 hobgoblins
  11 jackals
  A quokka (D:2)
  5 ball pythons
  2 frilled lizards
  4 kobolds
  4 rats
63 creatures vanquished.

Vanquished Creatures (others)
  6 fungi (D:1)
  14 plants (D:1)
20 creatures vanquished.

Grand Total: 83 creatures vanquished

Notes
Turn   | Place    | Note
-------+----------+-------------------------------------------
     0 | D:1      | fireball365 the Minotaur Fighter began the quest for the
                  | Orb.
     0 | D:1      | Reached XP level 1. HP: 19/19 MP: 0/0
   252 | D:1      | Reached XP level 2. HP: 27/27 MP: 1/1
   296 | D:1      | Found a faded altar of an unknown god.
   335 | D:1      | Prayed at the altar of an unknown god.
   335 | D:1      | Became a worshipper of the Wu Jian Council
   335 | D:1      | Reached * piety under Wu Jian
   514 | D:1      | Reached skill level 3 in Axes
   615 | D:1      | Reached XP level 3. HP: 33/33 MP: 2/2
  1382 | D:2      | Reached ** piety under Wu Jian
  1640 | D:2      | Reached skill level 4 in Axes
  1640 | D:2      | Reached XP level 4. HP: 40/40 MP: 3/3
  2646 | D:3      | Found a shimmering blue altar of Sif Muna.
  2824 | D:3      | Identified the +1 leather armour of the Hidden Vale {Harm
                  | Regen+}
  3039 | D:3      | Noticed an ice beast
  3054 | D:3      | Killed an ice beast
  3055 | D:3      | Reached skill level 5 in Axes
  3055 | D:3      | Reached XP level 5. HP: 23/46 MP: 4/4
  3059 | D:3      | HP: 1/46 [orc priest/divine providence (10)]
  3062 | D:3      | Slain by an orc priest

Illustrated notes

Levels and vault maps discovered:
D:1:      matt_arrival_spirals, layout_loops_corners,
          shapermc_ecumenical_altar_mp_ritualfount,
          chequers_serial_rivers_large_a, minmay_pentomino_s4
D:2:      layout_loops_corners
D:3:      layout_rooms, mainiacjoe_overflow_paths, chequers_mini_garden,
          kennysheep_generic_room_13

Skill      XL: |  1  2  3  4 |
---------------+-------------+-----
Fighting       | 4 |  4.1
Armour         | 4 |  4.5
Axes           | 3 4 5 |  5.8
Shields        | 4 |  4.0
Dodging        | |  0.5
Stealth        | |  0.1

Action                   |  1- 3 |  4- 6 || total
-------------------------+-------+-------++-------
Melee: War axe           |    99 |    61 ||   160
       Headbutt          |     9 |     7 ||    16
Invok: Whirlwind         |    12 |     4 ||    16
       Lunge             |     5 |     8 ||    13
  Use: Scroll            |     2 |     1 ||     3
       Potion            |       |     2 ||     2
Armor: Scale mail        |    32 |       ||    32
       Chain mail        |     2 |     1 ||     3
       Plate armour      |       |    38 ||    38
Dodge: Dodged            |    52 |    21 ||    73
Block: Buckler           |    25 |    12 ||    37
